 Dungeon Crawl Stone Soup version 0.29.1-12-g30fa7ad0bf (webtiles) character file.

Game seed: 9453380429884464044

584 wormed the Slasher (level 7, 0/42 HPs)
             Began as a Tengu Gladiator on Dec 27, 2022.
             Slain by an ogre
             ... wielding a +0 giant club
              (17 damage)
             ... on level 5 of the Dungeon.
             The game lasted 00:08:23 (5365 turns).

wormed the Slasher (Tengu Gladiator)                Turns: 5365, Time: 00:08:24

Health: 0/42       AC:  4    Str: 14 (15) XL:     7   Next: 37%
Magic:  8/8        EV: 15    Int:  5 (8)  God:
Gold:   220        SH:  0    Dex: 15 (17) Spells: 6/6 levels left

rFire   . . .      SeeInvis .   a - +0 long sword
rCold   + . .      Faith    .   (no shield)
rNeg    + . .      Spirit   .   b - +0 leather armour
rPois   .          Reflect  .   c - +0 hat
rElec   .          Harm     .   u - +0 cloak
rCorr   .          Rampage  .   (no gloves)
Will    .....                   (boots unavailable)
Stlth   +.........              (no amulet)
HPRegen 0.14/turn               g - ring of protection from cold
MPRegen 0.11/turn               p - ring of positive energy

@: flying quickly and evasively, quick
A: beak, talons 3, nimble flight
a: no special abilities


You were on level 5 of the Dungeon.
You visited 1 branch of the dungeon, and saw 5 of its levels.

You collected 220 gold pieces.

Inventory:

Hand Weapons
 a - a +0 long sword (weapon)
Missiles
 d - 2 throwing nets (quivered)
 e - a javelin
 k - 11 poisoned darts
Armour
 b - a +0 leather armour (worn)
 c - a +0 hat (worn)
 r - a +0 tower shield
 u - a +0 cloak (worn)
Jewellery
 g - a ring of protection from cold (left hand)
 p - a ring of positive energy (right hand)
Scrolls
 f - 4 scrolls of teleportation {unknown}
 i - a scroll of fear {unknown}
 m - a scroll of butterflies {unknown}
 o - a scroll of magic mapping {unknown}
 q - 3 scrolls of identify {unknown}
 s - a scroll of vulnerability {unknown}
Potions
 h - a potion of curing
 j - a potion of flight {unknown}
 l - 2 potions of degeneration
 n - a potion of resistance {unknown}
 t - a potion of heal wounds {unknown}


   Skills:
 + Level 3.7 Fighting
 * Level 6.2 Long Blades
 - Level 2.0 Throwing
 + Level 3.2 Armour
 - Level 4.0 Dodging
 + Level 3.0 Shields


You had 6 spell levels left.
You didn't know any spells.
Your spell library contained the following spells:

 Spells                   Type           Power      Damage    Failure   Level
 Sandblast                Erth           0%         2d4       54%         1
 Passwall                 Tmut/Erth      0%         N/A       69%         2
 Call Canine Familiar     Summ           0%         N/A       89%         3
 Portal Projectile        Hex/Tloc       0%         N/A       89%         3
 Stone Arrow              Conj/Erth      0%         3d7       89%         3
 Leda's Liquefaction      Hex/Erth       0%         N/A       100%        4


Dungeon Overview and Level Annotations

Branches:
Dungeon (5/15)
 Temple: D:4-7

Altars:
Fedhas
Wu Jian
Xom
Yredelemnul

Shops:
D:1 !![(:


Innate Abilities, Weirdness & Mutations

You have a beak for a mouth.
You have claws for feet.
Your magical nature lets you fly swiftly and evasively.


Message History

Found a blossoming altar of Fedhas.
An orc comes into view. It is wielding a +0 club.
The orc shouts!
An orc is nearby!
You hit the orc.
The orc is heavily wounded.
The orc hits you with a +0 club.
You slash the orc!
You kill the orc!
No target in view!
l - 2 potions of degeneration (gained 1)
An adder comes into view.
Found a cloak.
An adder is nearby!
The adder hisses angrily.
The adder barely misses you.
You miss the adder. The adder bites you but does no damage.
The adder barely misses you.
You slash the adder!
You kill the adder!
Your Shields skill increases to level 3!
No target in view!
A quokka and an ogre come into view.
The ogre moves out of view.
Found 29 gold pieces.
You see here a +0 cloak.
You start putting on your armour.
You continue putting on your +0 cloak.
The ogre barely misses you.
You continue putting on your +0 cloak.
The ogre barely misses you. The quokka misses you.
You continue putting on your +0 cloak.
The quokka bites you but does no damage.
You continue putting on your +0 cloak.
The ogre hits you with a +0 giant club!!
Ouch! That really hurt!
The quokka misses you.
The black bear growls angrily.
You finish putting on your +0 cloak.
The ogre hits you with a +0 giant club!
You die...

...#####.#...##...... .
#.#.................
..###$..........######.#
......#.###.#.### #.#
......#.###.#)# #.# .
#.†........ #.#
#.#.###.#..# #.# . #.#.#
#.#..# .#.
....#.#@###.#..# .# #
.....$Or.......# ##.#.
............#..# ##...#
##.~..~.....~.. #.....
$.....~........ #.....
≈≈≈≈~~.~~~~.~≈≈ #.....
≈≈h~~≈~≈~~≈~≈≈≈ #.....
..~~~.~........ #....
....~.~......~# #...#


You could see a black bear, an ogre and a quokka.

Vanquished Creatures
  A black bear (D:4)
  A phantom (D:4)
  4 hounds (D:4)
  A jelly (D:5)
  2 iguanas
  An orc wizard (D:4)
  Robin (D:4)
  8 adders
  4 worms
  2 dart slugs
  6 orcs
  7 endoplasms
  3 giant cockroaches
  11 hobgoblins
  6 jackals (D:1)
  2 quokkas
  5 ball pythons
  2 bats
  2 frilled lizards
  11 goblins
  11 kobolds
  4 rats (D:1)
95 creatures vanquished.

Notes
Turn   | Place    | Note
-------+----------+-------------------------------------------
     0 | D:1      | wormed the Tengu Gladiator began the quest for the Orb.
     0 | D:1      | Reached XP level 1. HP: 12/12 MP: 2/2
    36 | D:1      | Found Oniosi's Distillery.
   165 | D:1      | Reached XP level 2. HP: 17/17 MP: 3/3
   174 | D:1      | Found Woiweuj's Antique Weapon Shoppe.
   228 | D:1      | Found Zuiheddi's Book Boutique.
   767 | D:1      | Found Qijamin's Armour Emporium.
   804 | D:1      | Reached XP level 3. HP: 21/21 MP: 4/4
  1097 | D:1      | Found Limmuthruesu's Distillery.
  1210 | D:2      | Reached skill level 1 in Armour
  1210 | D:2      | Reached skill level 1 in Shields
  1295 | D:2      | Reached skill level 4 in Long Blades
  1464 | D:2      | Reached XP level 4. HP: 27/27 MP: 5/5
  2212 | D:3      | Found a basalt altar of Yredelemnul.
  2478 | D:3      | Found a shimmering altar of Xom.
  2570 | D:3      | Found an ornate altar of the Wu Jian Council.
  2828 | D:4      | Gained mutation: Your magical nature lets you fly swiftly
                  | and evasively. [Tengu growth]
  2828 | D:4      | Reached XP level 5. HP: 12/31 MP: 6/6
  3196 | D:4      | Noticed a phantom
  3208 | D:4      | Killed a phantom
  3209 | D:4      | Reached skill level 5 in Long Blades
  3263 | D:4      | Reached XP level 6. HP: 27/37 MP: 7/7
  3424 | D:4      | Noticed Robin
  3471 | D:4      | Killed Robin
  3992 | D:4      | Noticed a black bear
  4006 | D:4      | Killed a black bear
  4007 | D:4      | Reached XP level 7. HP: 28/41 MP: 8/8
  4291 | D:4      | Reached skill level 6 in Long Blades
  4444 | D:4      | HP: 1/41 [something/puff of flame (4)]
  4466 | D:5      | Entered Level 5 of the Dungeon
  5315 | D:5      | Found a blossoming altar of Fedhas.
  5365 | D:5      | Slain by an ogre

Illustrated notes

Levels and vault maps discovered:
D:1:      lightli_arrival_windingriver, layout_basic, serial_shops, shop,
          nicolae_shop_stone, nicolae_shop_behind_doors,
          nicolae_shop_hallway_plus, nicolae_shop_advertising_works
          [nicolae_subvault_shop_adworks]
D:2:      layout_loops_ring, minmay_misc_feat_tiny
D:3:      layout_basic, mainiacjoe_overflow_catwalk,
          mainiacjoe_overflow_alcove_4, marbit_many_paths
D:4:      minmay_evil_eye, layout_loops_ring, uniq_robin
D:5:      layout_loops_ring, mainiacjoe_overflow_alcove_1,
          mainiacjoe_overflow_alcove_2, nicolae_uskayaw_suspiria,
          fedhas_altar_1, minmay_temple_entry_enclosed_plants,
          gup_ossuary_entry_pyramid, chequers_serial_rivers_small_3,
          mrwooster_statue_mirror

Skill      XL: |  1  2  3  4  5  6  7 |
---------------+----------------------+-----
Armour         | 1 2 3 |  3.2
Shields        | 1 2 3 |  3.0
Long Blades    | 4 5 6 |  6.2
Dodging        | 4 |  4.0
Fighting       | 3 |  3.7
Throwing       | |  2.0

Action                   |  1- 3 |  4- 6 |  7- 9 || total
-------------------------+-------+-------+-------++-------
Melee: Long sword        |    65 |   132 |    46 ||   243
       Kick              |    16 |    35 |     5 ||    56
       Peck              |     6 |    15 |    10 ||    31
       Punch             |       |     2 |       ||     2
Throw: Dart              |       |     8 |       ||     8
       Throwing net      |       |       |     2 ||     2
  Use: Potion            |       |     1 |     2 ||     3
 Stab: Sleeping          |       |     2 |       ||     2
       Distracted        |       |     1 |       ||     1
Armor: Leather armour    |    17 |    25 |    11 ||    53
Dodge: Dodged            |    36 |    99 |    31 ||   166
